 Dungeon Crawl Stone Soup version 0.28.0-53-g5a82cb258f (webtiles) character file.

Game seed: 1262342560618604142

29 Plasmagod the Covered (level 3, 32/33 HPs)
             Began as a Minotaur Fighter on July 10, 2022.
             Was a Follower of Kikubaaqudgha.
             Quit the game on level 2 of the Dungeon.
             The game lasted 00:03:15 (782 turns).

Plasmagod the Covered (Minotaur Fighter)             Turns: 782, Time: 00:03:15

Health: 32/33      AC:  7    Str: 22    XL:     3   Next: 1%
Magic:  2/2        EV:  9    Int:  5    God:    Kikubaaqudgha [*.....]
Gold:   33         SH:  4    Dex:  9    Spells: 2/2 levels left

rFire   . . .      SeeInvis .   a - +0 war axe
rCold   . . .      Faith    .   c - +0 buckler
rNeg    . . .      Spirit   .   b - +0 scale mail
rPois   .          Reflect  .   (helmet restricted)
rElec   .          Harm     .   (no cloak)
rCorr   .          Rampage  .   (no gloves)
Will    .....                   (no boots)
Stlth   ..........              (no amulet)
HPRegen 0.11/turn               (no ring)
MPRegen 0.08/turn               (no ring)

@: no status effects
A: horns 2, retaliatory headbutt
a: Renounce Religion, Receive Corpses


You were on level 2 of the Dungeon.
You worshipped Kikubaaqudgha.
Kikubaaqudgha was aware of your devotion.
You visited 1 branch of the dungeon, and saw 2 of its levels.

You collected 33 gold pieces.

Inventory:

Hand Weapons
 a - a +0 war axe (weapon)
Armour
 b - a +0 scale mail (worn)
 c - a +0 buckler (worn)
Jewellery
 g - a ring of ice
Scrolls
 f - a scroll of immolation {unknown}
 j - a scroll of identify {unknown}
Potions
 d - a potion of might
 e - a potion of lignification {unknown}
 h - a potion of berserk rage {unknown}
 i - a potion of brilliance {unknown}


   Skills:
 + Level 4.0 Fighting
 + Level 2.7 Axes
 + Level 4.1 Armour
 + Level 0.5 Dodging
 + Level 4.0 Shields


You had 2 spell levels left.
You didn't know any spells.
Your spell library contained the following spells:

 Spells                   Type           Power      Damage    Failure   Level
 Animate Skeleton         Necr           0%         N/A       87%         1
 Pain                     Necr           0%         1d4       87%         1
 Vampiric Draining        Necr           0%         2d6       99%         3
 Agony                    Necr           0%         N/A       100%        5


Dungeon Overview and Level Annotations

Branches:
Dungeon (2/15)

Altars:
Kikubaaqudgha


Innate Abilities, Weirdness & Mutations

You have a pair of horns on your head.
You reflexively headbutt those who attack you in melee.


Message History

You slash the withered plant!
The withered plant begins to crumble.
The withered plant is lightly damaged.
You hit the withered plant but do no damage.
You slash the withered plant!
The withered plant begins to crumble.
You hit the withered plant.
The withered plant is lightly damaged.
You hit the withered plant.
The withered plant crumbles away.
You slash the withered plant!
The withered plant is lightly damaged.
The withered plant crumbles away.
There is a faded altar of an unknown god here.
You cannot tell which god this altar belongs to.
Convert to them anyway?
Kikubaaqudgha accepts your prayer! Kikubaaqudgha welcomes you!
You can now receive cadavers from Kikubaaqudgha.
Kikubaaqudgha grants you a gift!
You add the spells Animate Skeleton, Pain, Vampiric Draining and Agony to your library.
You slash the withered plant!
The withered plant begins to crumble.
The withered plant is lightly damaged.
The withered plant crumbles away.
Done exploring.
Done exploring.
There is a stone staircase leading down here.
You climb downwards.
There is a stone staircase leading up here.
A ball python comes into view.
The ball python hisses angrily.
The ball python closely misses you. You furiously retaliate!
You headbutt the ball python, but do no damage.
The ball python misses you.
You closely miss the ball python. You headbutt the ball python.
The ball python is moderately wounded.
The ball python bites you. The ball python closely misses you.
You hit the ball python.
You kill the ball python!
Kikubaaqudgha accepts your kill.
Okay, then.
Unknown command.
You can't go down here!
Are you sure you want to abandon this character and quit the game? (Confirm with "yes".)

.## ... #.. ..#
#.# ##
#.######### #.#
##.@.......
#.###.#########
#.#.## ###..##
#..<## #...#
#...# ##.## #.


There were no monsters in sight!

Vanquished Creatures
  A dart slug (D:1)
  4 bats (D:1)
  2 giant cockroaches (D:1)
  A hobgoblin (D:1)
  3 jackals (D:1)
  3 kobolds (D:1)
  2 quokkas (D:1)
  5 ball pythons
  A frilled lizard (D:1)
  3 goblins (D:1)
25 creatures vanquished.

Vanquished Creatures (others)
  3 withered plants (D:1)
3 creatures vanquished.

Grand Total: 28 creatures vanquished

Notes
Turn   | Place    | Note
-------+----------+-------------------------------------------
     0 | D:1      | Plasmagod the Minotaur Fighter began the quest for the Orb.
     0 | D:1      | Reached XP level 1. HP: 19/19 MP: 0/0
   252 | D:1      | Reached XP level 2. HP: 22/27 MP: 1/1
   690 | D:1      | Reached XP level 3. HP: 28/33 MP: 2/2
   693 | D:1      | Found a faded altar of an unknown god.
   710 | D:1      | Prayed at the altar of an unknown god.
   710 | D:1      | Became a worshipper of Kikubaaqudgha
   710 | D:1      | Reached * piety under Kikubaaqudgha
   710 | D:1      | Received a gift from Kikubaaqudgha
   782 | D:2      | Quit the game

Illustrated notes

Levels and vault maps discovered:
D:1:      saegor_arrival_simple_e, layout_basic,
          ebering_ecumenical_altar_petrified, st_stairs_7
D:2:      layout_loops_ring

Skill      XL: |  1  2 |
---------------+-------+-----
Armour         | 4 |  4.1
Shields        | 4 |  4.0
Fighting       | 4 |  4.0
Axes           | |  2.7
Dodging        | |  0.5

Action                   || total
-------------------------++-------
Melee: War axe           ||    47
       Headbutt          ||     6
Armor: Scale mail        ||    22
Dodge: Dodged            ||    28
Block: Buckler           ||     6
